 Dungeon Crawl Stone Soup version 0.30-a0-629-gd54f4be4f7 (webtiles) character file.

Game seed: 17064186377801264342

115 ryw the Grave Robber (level 4, -2/24 HPs)
             Began as a Deep Elf Necromancer on Jan 12, 2023.
             Slain by Grinder (6 damage)
             ... on level 3 of the Dungeon.
             The game lasted 00:06:08 (1987 turns).

ryw the Grave Robber (Deep Elf Necromancer)         Turns: 1987, Time: 00:06:08

Health: -2/24      AC:  8    Str:  5    XL:     4   Next: 68%
Magic:  19/19      EV:  9    Int: 24    God:
Gold:   259        SH:  0    Dex: 15    Spells: 3/9 levels left

rFire   . . .      SeeInvis +    c - +0 dagger
rCold   . . .      Faith    .    (no shield)
rNeg    . . .      Spirit   .    e - +2 ring mail of Midwinter {Int+2 SInv}
rPois   .          Reflect  .    (no helmet)
rElec   .          Harm     .    (no cloak)
rCorr   .          Rampage  .    (no gloves)
Will    .....                    i - +0 pair of boots
Stlth   +                        (no amulet)
HPRegen 0.24/turn                m - ring of magical power
MPRegen 0.16/turn                (no ring)

@: on berserk cooldown, slowed, invisible, very slow
A: no striking features
a: no special abilities


You were on level 3 of the Dungeon.
You visited 1 branch of the dungeon, and saw 3 of its levels.

You collected 259 gold pieces.

Inventory:

Hand Weapons
 c - a +0 dagger (weapon)
Armour
 a - a +0 robe
 e - the +2 ring mail of Midwinter (worn) {Int+2 SInv}
   (You acquired it on level 2 of the Dungeon)

   Int:       It affects your intelligence (+2).
   SInv:      It lets you see invisible.
 i - a +0 pair of boots (worn)
Jewellery
 k - an amulet of the acrobat
 m - a ring of magical power (left hand)
Scrolls
 d - 2 scrolls of amnesia
Potions
 b - a potion of magic
 f - 3 potions of attraction


   Skills:
 + Level 0.2 Armour
 - Level 2.4 Dodging
 - Level 2.4 Stealth
 - Level 3.0 Spellcasting
 + Level 7.3 Necromancy
 + Level 0.3 Transmutations
 + Level 0.0 Earth Magic


You had 3 spell levels left.
You knew the following spells:

 Your Spells              Type           Power      Damage    Failure   Level
a - Necrotise             Necr           100%       1d9       2%          1
b - Vampiric Draining     Necr           38%        2d8       8%          3
c - Passwall              Tmut/Erth      3%         N/A       58%         2

Your spell library contained the following spells:

 Spells                   Type           Power      Damage    Failure   Level
 Sandblast                Erth           6%         2d5       45%         1
 Dazzling Flash           Conj/Hex       6%         N/A       83%         3
 Stone Arrow              Conj/Erth      6%         3d7       83%         3
 Animate Dead             Necr           38%        N/A       26%         4
 Agony                    Necr           38%        N/A       58%         5
 Silence                  Hex/Air        1%         N/A       100%        5


Dungeon Overview and Level Annotations

Branches:
Dungeon (3/15)

Altars:
Wu Jian

Annotations:
D:3 Grinder


Message History

You feel a strong urge to attack something.
You barely miss Grinder.
Grinder blinks!
You feel a strong urge to attack something.
Grinder blinks!
You feel your anger nearly subside.
You hear the slow rusting of a very distant drain.
You are no longer berserk.
You are exhausted.
You feel yourself slow down.
It was a potion of invisibility.
You fade into invisibility!
Grinder hits you but does no damage.
You hit Grinder but do no damage. Grinder gestures at you.
You resist with significant effort.
You hit Grinder.
Grinder is lightly wounded.
Grinder barely misses you. Grinder closely misses you.
You hit Grinder but do no damage.
Grinder is lightly wounded.
Grinder hits you but does no damage.
You hit Grinder but do no damage.
Grinder is lightly wounded.
Grinder barely misses you. The frilled lizard closely misses you.
Grinder hits you but does no damage. The frilled lizard bites you.
You hit Grinder but do no damage.
Grinder is lightly wounded.
Grinder closely misses you. The frilled lizard closely misses you.
You barely miss Grinder.
Grinder is lightly wounded.
Grinder hits you.
You writhe in agony.
* * * LOW HITPOINT WARNING * * *
The frilled lizard barely misses you. The frilled lizard misses you.
Grinder barely misses you.
You hit Grinder but do no damage.
Grinder is lightly wounded.
Grinder hits you.
* * * LOW HITPOINT WARNING * * *
You writhe in agony.
You die...

###### ###########PPPPP
#..........P...P
#.#########....P #.#
#...P...P
##+#.######...PPPPP
#....##............
#.@..##...^........
.....l5...##............
#####.r######...........
.... #'##........ ###..
#.##........
#..#._....##########
#..#...##.. # #.##..
#..# # ## #..# #


You could see Grinder (unable to see you), a frilled lizard (unable to see you)
and a rat (unable to see you).

Vanquished Creatures
  An iguana (D:2)
  4 adders (D:2)
  5 orcs (D:3)
  5 endoplasms
  3 giant cockroaches
  2 goblins (D:1)
  4 hobgoblins
  3 jackals (D:2)
  2 quokkas (D:2)
  A ball python (D:1)
  5 bats
  3 frilled lizards (D:2)
  2 kobolds
  6 rats
46 creatures vanquished.

Vanquished Creatures (collateral kills)
  A ball python (D:2)
  A bat (D:2)
  A giant cockroach (D:2)
3 creatures vanquished.

Vanquished Creatures (others)
  A fungus (D:3)
1 creature vanquished.

Grand Total: 50 creatures vanquished

Notes
Turn   | Place    | Note
-------+----------+-------------------------------------------
     0 | D:1      | ryw the Deep Elf Necromancer began the quest for the Orb.
     0 | D:1      | Reached XP level 1. HP: 10/10 MP: 6/6
    30 | D:1      | Reached skill level 5 in Necromancy
   424 | D:1      | Reached XP level 2. HP: 15/15 MP: 6/8
   717 | D:1      | You fall into a shaft and drop 1 floor!
   803 | D:2      | Reached skill level 6 in Necromancy
   914 | D:2      | Reached XP level 3. HP: 17/19 MP: 4/9
   918 | D:2      | Learned a level 3 spell: Vampiric Draining
  1048 | D:2      | Found a faded altar of an unknown god.
  1301 | D:2      | Reached XP level 4. HP: 18/24 MP: 8/10
  1345 | D:2      | Reached skill level 7 in Necromancy
  1750 | D:2      | Learned a level 2 spell: Passwall
  1761 | D:2      | Identified a scroll of acquirement
  1761 | D:2      | Acquired the +2 ring mail of Midwinter {Int+2 SInv}
  1918 | D:3      | Found an ornate altar of the Wu Jian Council.
  1963 | D:3      | Noticed Grinder
  1967 | D:3      | Paralysed by Grinder for 4 turns
  1987 | D:3      | Slain by Grinder

Illustrated notes

Levels and vault maps discovered:
D:1:      nicolae_arrival_somewhat_less_tricky_arrival, layout_loops_ring
D:2:      layout_loops_ring, ebering_ecumenical_altar_box
D:3:      layout_basic, mainiacjoe_overflow_alcove_2, portal_sewer_entry_d,
          minmay_gold_behind_fungi, hangedman_abyss_or_decor_stabs,
          nicolae_half_adder, uniq_grinder

Skill      XL: |  1  2  3  4 |
---------------+-------------+-----
Necromancy     | 5 6 7 |  7.3
Armour         | |  0.2
Dodging        | |  2.4
Stealth        | |  2.4
Spellcasting   | |  3.0
Transmutations | |  0.3

Action                   |  1- 3 |  4- 6 || total
-------------------------+-------+-------++-------
Melee: Dagger            |     5 |    12 ||    17
 Cast: Necrotise         |    60 |    10 ||    70
       Vampiric Draining |       |     6 ||     6
  Use: Scroll            |       |     6 ||     6
       Potion            |       |     3 ||     3
Armor: Robe              |     6 |       ||     6
       Ring mail         |       |     4 ||     4
Dodge: Dodged            |    10 |    10 ||    20

Table legend: (Time is in decaauts)
 A = Elapsed time spent in this place.
 B = Non-inter-level travel time spent in this place.
 C = Inter-level travel time spent in this place.
 D = Time resting spent in this place.
 E = Time spent auto-exploring this place.
 F = Levels seen in this place.
 G = Mean time per level.
                   A        B        C        D        E       F      G
               +--------+--------+--------+--------+--------+-----+--------+
         Total |   1987 |   1980 |      7 |      0 |   1602 |   3 |  662.3 |
       Dungeon |   1987 |   1980 |      7 |      0 |   1602 |   3 |  662.3 |
               +--------+--------+--------+--------+--------+-----+--------+

Top non-repeatable levels by time:
     D:2: 1056 daAuts
     D:1: 716 daAuts
     D:3: 214 daAuts
